 Dungeon Crawl Stone Soup version 0.29.0-4-gdea44cf6ec (webtiles) character file.

Game seed: 9745889178421559479

255 qw the Chopper (level 6, 0/58 HPs)
             Began as a Gargoyle Berserker on Sept 9, 2022.
             Was a Believer of Trog.
             Slain by a wight
             ... wielding a +0 hand axe
              (4 damage)
             ... on level 4 of the Dungeon.
             The game lasted 00:01:10 (3457 turns).

qw the Chopper (Gargoyle Berserker)                 Turns: 3457, Time: 00:01:11

Health: 0/58       AC: 13    Str: 22    XL:     6   Next: 15%
Magic:  6/6        EV:  8    Int:  8    God:    Trog [**....]
Gold:   175        SH:  0    Dex:  9    Spells: 5/5 levels left

rFire   + . .      SeeInvis .   Y - +0 hand axe
rCold   . . .      Faith    .   (no shield)
rNeg    + . .      Spirit   .   e - +0 chain mail
rPois   inf        Reflect  .   (no helmet)
rElec   +          Harm     .   (no cloak)
rCorr   .          Rampage  .   (no gloves)
Will    .....                   (no boots)
Stlth   ..........              (no amulet)
HPRegen 0.19/turn               f - ring of protection from fire
MPRegen 0.10/turn               (no ring)

@: berserking, very quick
A: sickness immunity, AC +4, negative energy resistance 1, electricity
resistance, torment resistance 1, petrification resistance
a: Renounce Religion, Berserk, Trog's Hand


You were on level 4 of the Dungeon.
You worshipped Trog.
Trog was pleased with you.
You visited 1 branch of the dungeon, and saw 4 of its levels.

You collected 175 gold pieces.


Innate Abilities, Weirdness & Mutations

You are immune to sickness and miasma.
Your stone body is resilient. (AC +4)
You are immune to poison.
You resist negative energy. (rN+)
You are resistant to electric shocks. (rElec)
You are resistant to unholy torment.
You are immune to petrification.


   Skills:
 - Level 4.4 Fighting
 + Level 5.5 Axes
 - Level 2.1 Armour
 - Level 1.5 Dodging


You had 5 spell levels left.
You didn't know any spells.
Your spell library was empty.

Inventory:

Hand Weapons
 j - a +0 morningstar
 Y - a +0 hand axe (weapon)
Missiles
 b - 5 boomerangs (quivered)
Armour
 e - a +0 chain mail (worn)
Jewellery
 f - a ring of protection from fire (left hand)
Scrolls
 a - 2 scrolls of identify
Potions
 c - a potion of resistance
 g - a potion of might
 h - a potion of mutation
 l - a potion of haste

Dungeon Overview and Level Annotations

Branches:
Dungeon (4/15)
 Temple: D:4-7

Altars:
Hepliaklqana
Xom

Shops:
D:2 [

Annotations:
D:3 1 runed translucent door, qw's ghost, amateur GrBe


Message History

You hit the wight but do no damage.
The wight is lightly damaged.
You hit the wight.
The wight hits you from afar with a +1 spear of freezing.
The wight freezes you. The wight hits you but does no damage.
The wight barely misses you.
You hit the wight.
The wight is heavily damaged.
You barely miss the wight. The wight barely misses you.
The wight hits you but does no damage.
The wight hits you with a +3 halberd of freezing.
The wight freezes you.
3453 ||| INVOKING Berserk.
A red film seems to cover your vision as you go berserk!
You feel yourself moving faster!
You feel mighty! The wight hits you but does no damage.
The wight hits you with a +1 scimitar.
The wight hits you with a +3 halberd of freezing!
The wight freezes you.
You barely miss the wight.
The wight is heavily damaged.
You barely miss the wight. You slash the wight!
You destroy the wight!
Trog accepts your kill.
You hit the wight. The wight hits you but does no damage.
The wight hits you with a +3 halberd of freezing.
The wight freezes you.
Your Fighting skill increases to level 4!
You have reached level 6!
You closely miss the wight.
The wight is moderately damaged.
You slash the wight! The wight hits you but does no damage.
The wight barely misses you. The wight hits you but does no damage.
You hit the wight.
The wight is almost destroyed.
You slash the wight! The wight hits you but does no damage.
The wight hits you with a +0 hand axe.
You die...

# .# ###### ..# .....#
###..#
####.############....#
####.##.....>.....#
.....##....####.@##
.%....#....##...zz.#
.###..........###z....#
.###..#.......# .....#
..[)........#.# .....#
##)#....#...#.# ....:#
#%#.#..#.### # ######
#<#.#....# ###.#.>.##


You could see 3 wights.

Vanquished Creatures
  A black bear (D:4)
  A wight (D:4)
  An orc wizard (D:4)
  2 adders (D:2)
  A worm (D:3)
  2 dart slugs
  2 orcs (D:4)
  7 ball pythons
  5 endoplasms
  4 giant cockroaches (D:1)
  6 goblins
  4 hobgoblins
  2 jackals (D:3)
  3 quokkas
  7 bats
  9 frilled lizards
  4 kobolds
  5 rats
66 creatures vanquished.

Notes
Turn   | Place    | Note
-------+----------+-------------------------------------------
     0 | D:1      | qw the Gargoyle Berserker began the quest for the Orb.
     0 | D:1      | Reached XP level 1. HP: 14/14 MP: 1/1
     0 | D:1      | 0 ||| qw: Version: 0.1-a-113-g051387a
     0 | D:1      | 0 ||| qw: Game counter: 6889
     0 | D:1      | 0 ||| qw: Always use a shield: true
     0 | D:1      | 0 ||| qw: Do Orc after D:15 true
     0 | D:1      | 0 ||| qw: Do second Lair branch before Depths: true
     0 | D:1      | 0 ||| qw: Lair rune preference: random
     0 | D:1      | 0 ||| qw: Plans: Normal
     0 | D:1      | 0 ||| PLANNING D:1-11
   176 | D:1      | 176 ||| Stepping ~*~*~tactically~*~*~ (hiding).
   179 | D:1      | 179 ||| Stepping ~*~*~tactically~*~*~ (hiding).
   186 | D:1      | 186 ||| INVOKING Berserk.
   189 | D:1      | Reached skill level 3 in Axes
   391 | D:1      | Reached XP level 2. HP: 19/19 MP: 2/2
   900 | D:1      | Reached XP level 3. HP: 23/23 MP: 3/3
  1163 | D:1      | 1163 ||| UPGRADING to +0 ring mail.
  1173 | D:1      | 1173 ||| DROPPING +0 animal skin.
  1174 | D:1      | 1174 ||| READING 5 scrolls labelled OSIRGH YRUA.
  1175 | D:1      | 1175 ||| READING 2 scrolls labelled OCEATW OLIE.
  1226 | D:1      | 1226 ||| READING 4 scrolls of identify.
  1226 | D:1      | 1226 ||| IDENTIFYING murky emerald potion
  1227 | D:1      | 1227 ||| READING 3 scrolls of identify.
  1227 | D:1      | 1227 ||| IDENTIFYING bubbling emerald potion
  1228 | D:1      | 1228 ||| DROPPING scroll of torment.
  1229 | D:1      | 1229 ||| DROPPING potion of flight.
  1333 | D:2      | Reached skill level 4 in Axes
  1335 | D:2      | Reached ** piety under Trog
  1569 | D:2      | Found Wiyrph's Armour Emporium.
  1578 | D:2      | 1578 ||| SHOPLISTING +0 pair of boots (63 gold, have 46).
  1578 | D:2      | 1578 ||| SHOPLISTING +0 pair of gloves (63 gold, have 46).
  1578 | D:2      | 1578 ||| SHOPLISTING +1 helmet of see invisible (231 gold,
                  | have 46).
  1578 | D:2      | 1578 ||| SHOPLISTING +1 pair of boots (161 gold, have 46).
  1623 | D:2      | Reached XP level 4. HP: 28/28 MP: 4/4
  1634 | D:2      | 1634 ||| DROPPING +0 whip.
  1700 | D:2      | 1700 ||| Stepping ~*~*~tactically~*~*~ (stealth).
  2050 | D:2      | 2050 ||| UPGRADING to +0 chain mail.
  2060 | D:2      | 2060 ||| DROPPING +0 ring mail.
  2061 | D:2      | 2061 ||| UPGRADING to ring of protection from fire.
  2062 | D:2      | 2062 ||| READING scroll labelled HESOIT ROUWIRU.
  2063 | D:2      | 2063 ||| READING scroll labelled UFECOFODUP.
  2064 | D:2      | 2064 ||| READING scroll labelled IKHLYI GUTSIRAHU.
  2065 | D:2      | 2065 ||| READING 4 scrolls of identify.
  2065 | D:2      | 2065 ||| IDENTIFYING ruby potion
  2066 | D:2      | 2066 ||| READING 3 scrolls of identify.
  2066 | D:2      | 2066 ||| IDENTIFYING bubbling pink potion
  2067 | D:2      | 2067 ||| READING 2 scrolls of identify.
  2067 | D:2      | 2067 ||| IDENTIFYING blue potion
  2068 | D:2      | 2068 ||| DROPPING potion of brilliance.
  2098 | D:3      | 2098 ||| STAIRDANCE
  2104 | D:3      | 2104 ||| STAIRDANCE
  2281 | D:3      | Found a hazy altar of Hepliaklqana.
  2414 | D:3      | Found a shimmering altar of Xom.
  2654 | D:3      | Found a faded altar of an unknown god.
  2673 | D:3      | Found a runed translucent door.
  2680 | D:3      | Noticed qw's ghost (amateur GrBe)
  3076 | D:3      | 3076 ||| READING scroll labelled OZXI PAULOVEBI.
  3077 | D:3      | 3077 ||| READING scroll labelled XYSUKAAGUO.
  3082 | D:3      | 3082 ||| READING 4 scrolls of identify.
  3082 | D:3      | 3082 ||| IDENTIFYING sedimented black potion
  3083 | D:3      | 3083 ||| READING 3 scrolls of identify.
  3083 | D:3      | 3083 ||| IDENTIFYING orange potion
  3084 | D:3      | 3084 ||| DROPPING potion of berserk rage.
  3104 | D:4      | Noticed a black bear
  3105 | D:4      | 3105 ||| INVOKING Berserk.
  3109 | D:4      | Killed a black bear
  3110 | D:4      | Reached skill level 5 in Axes
  3110 | D:4      | Reached XP level 5. HP: 32/32 MP: 5/5
  3125 | D:4      | 3125 ||| STAIRDANCE
  3233 | D:4      | 3233 ||| FLEEEEING.
  3234 | D:4      | 3234 ||| Stepping ~*~*~tactically~*~*~ (hiding).
  3239 | D:4      | 3239 ||| Stepping ~*~*~tactically~*~*~ (hiding).
  3242 | D:4      | 3242 ||| INVOKING Berserk.
  3275 | D:4      | 3275 ||| FLEEEEING.
  3278 | D:4      | 3278 ||| STAIRDANCE
  3405 | D:4      | 3405 ||| Stepping ~*~*~tactically~*~*~ (stealth).
  3407 | D:4      | 3407 ||| Stepping ~*~*~tactically~*~*~ (hiding).
  3410 | D:4      | 3410 ||| Stepping ~*~*~tactically~*~*~ (hiding).
  3453 | D:4      | 3453 ||| INVOKING Berserk.
  3453 | D:4      | HP: 9/49 [wight/+3 halberd of freezing (8)]
  3455 | D:4      | HP: 4/49 [wight/+3 halberd of freezing (3)]
  3456 | D:4      | Reached XP level 6. HP: 4/39 MP: 6/6
  3457 | D:4      | Slain by a wight

Levels and vault maps discovered:
D:1:      dpeg_arrival_rooms_a, layout_rooms, minmay_misc_feat_alley
D:2:      layout_loops_ring, serial_shops,
          nicolae_shop_competitors_out_of_business, st_stairs_7,
          serial_park_tiny_pond, chequers_serial_rivers_large_a
D:3:      layout_basic, xom_butterflies, nicolae_hepliaklqana_hazy_memory,
          ebering_ghost_reflecting_pool,
          hellmonk_ecumenical_altar_inner_sanctum, minivault_14,
          minmay_increasing_density
D:4:      layout_basic, amethyst_killhole, hangedman_abyss_or_decor_passed,
          kennysheep_path_1

Skill      XL: |  1  2  3  4  5 |
---------------+----------------+-----
Axes           | 3 4 5 |  5.5
Fighting       | 4 |  4.4
Armour         | |  2.1
Dodging        | |  1.5

Action                   |  1- 3 |  4- 6 || total
-------------------------+-------+-------++-------
Melee: Hand axe          |   126 |    74 ||   200
Throw: Boomerang         |       |     8 ||     8
Invok: Berserk           |     1 |     3 ||     4
  Use: Scroll            |     4 |    10 ||    14
Armor: Animal skin       |    31 |       ||    31
       Ring mail         |    27 |     3 ||    30
       Chain mail        |       |    43 ||    43
Dodge: Dodged            |    76 |    34 ||   110

Table legend:
 A = Non-vault XP
 B = Vault XP
 C = Vault XP percentage of total XP
 D = Non-vault monster count
 E = Vault monster count
 F = Vault count percentage of total count
                 A         B        C        D         E       F
            +---------+---------+-------+---------+---------+-------
      Total |     351 |      14 |   3.8 |      59 |       7 |  10.6
            +---------+---------+-------+---------+---------+-------
        D:1 |      46 |       0 |   0.0 |      29 |       0 |   0.0
        D:2 |      50 |       5 |   9.1 |      18 |       3 |  14.3
        D:3 |      11 |       9 |  45.0 |       6 |       4 |  40.0
        D:4 |     244 |       0 |   0.0 |       6 |       0 |   0.0
            +---------+---------+-------+---------+---------+-------
